 Dungeon Crawl Stone Soup version 0.20-a0-3-g334f831 (webtiles) character file.

567571 RudyRod the Peltast (level 26, -14/242 HPs)
             Began as a Naga Fighter on Oct 29, 2016.
             Was the Champion of Okawaru.
             Demolished by a golden dragon (31 damage)
             ... on level 1 of the Realm of Zot on Oct 30, 2016.
             The game lasted 05:54:09 (55746 turns).

RudyRod the Peltast (Naga Fighter)                 Turns: 55746, Time: 05:54:10

Health: -14/242    AC: 48    Str: 35    XL:     26   Next: 85%
Magic:  27/35      EV: 12    Int: 16    God:    Okawaru [******]
Gold:   3381       SH: 28    Dex: 17    Spells: 6 memorised, 26 levels left

rFire  + + +     SeeInvis +     n - +10 hand axe "Ruelel" {chop, +Fly}
rCold  + + .     Gourm    .     Z - +0 gold dragon scales
rNeg   + + +     Faith    .     A - +1 shield {AC+3}
rPois  +         Spirit   .     I - +1 hat {Int+3}
rElec  .         Reflect  +     R - +2 cloak "Agetac" {*Contam rF+ rN++ Int+3}
rCorr  .         Harm     .     L - +0 pair of gloves "Sookyeh" {-Tele rPois rF+ rN+}
MR     +++++     NoTele   +     v - +2 naga barding of Hitozod {Regen+ Int+2}
Stlth  ..........               x - brooch of Shielding {Reflect SH+8}
                                H - +6 ring of strength
                                V - ring of Bumaeg {rN++ MR++ Str+4}

@: heroism, finesse, regenerating, very slow
A: horns 1, icy blue scales 1, iridescent scales 1, camouflage 1, see invisible,
cold resistance 1, deformed body, magic resistance 2, poison resistance,
slowness 2, slow metabolism 1, spit poison 2, teleportitis 2, evolution 1,
constrict 1, AC +8
a: Breathe Poison Gas, Heroism, Finesse, Renounce Religion, Evoke Flight
}: 3/15 runes: decaying, serpentine, silver


You were on level 1 of the Realm of Zot.
You worshipped Okawaru.
Okawaru was exalted by your worship.
You were hungry.

You visited 9 branches of the dungeon, and saw 44 of its levels.
You also visited: Sewer and Volcano.

You collected 6214 gold pieces.
You spent 2833 gold pieces at shops.

Inventory:

Hand Weapons
 f - the +10 great mace of the Eternal Warrior {pain, *Noise +Fly rF+ Str+3}
   (You took it off an ironbrand convoker on level 5 of the Vaults)

   In the hands of one skilled in necromantic magic, it inflicts extra damage on
   living creatures.
   It affects your strength (+3).
   It protects you from fire.
   It lets you fly.
   It may make noises in combat.
 n - the +10 hand axe "Ruelel" (weapon) {chop, +Fly}
   (Okawaru gifted it to you on level 4 of the Vaults)

   It inflicts extra damage upon your enemies.
   It lets you fly.
Armour
 a - a +2 pair of gloves of dexterity
 v - the +2 naga barding of Hitozod (worn) {Regen+ Int+2}
   (Okawaru gifted it to you on level 1 of the Vaults)

   It affects your intelligence (+2).
   It increases your rate of regeneration.
 A - a +1 shield of protection (worn)
 I - a +1 hat of intelligence (worn)
 L - the +0 pair of gloves "Sookyeh" (worn) {-Tele rPois rF+ rN+}
   (Okawaru gifted it to you on level 5 of the Depths)

   It protects you from fire.
   It protects you from poison.
   It protects you from negative energy.
   It prevents most forms of teleportation.
 M - a +1 large shield
 R - the +2 cloak "Agetac" (worn) {*Contam rF+ rN++ Int+3}
   (Okawaru gifted it to you on level 4 of the Snake Pit)

   It affects your intelligence (+3).
   It protects you from fire.
   It greatly protects you from negative energy.
   It causes magical contamination when unequipped.
 Z - +0 gold dragon scales (worn)
Jewellery
 k - the amulet of Keluoh {RegenMP rElec Stlth+}
   (You took it off a vault warden on level 5 of the Vaults)

   [amulet of magic regeneration]

   It increases your magic regeneration.
   It insulates you from electricity.
   It makes you more stealthy.
 x - the brooch of Shielding (around neck) {Reflect SH+8}
   (You found it on level 2 of the Snake Pit)

   [amulet of reflection]

   It shields you and reflects attacks.
   It affects your SH (+8).
 H - a +6 ring of strength (right hand)
 O - an uncursed ring of wizardry
 V - the ring of Bumaeg (left hand) {rN++ MR++ Str+4}
   (You found it on level 2 of the Depths)

   [ring of strength]

   It affects your strength (+4).
   It greatly protects you from negative energy.
   It affects your resistance to hostile enchantments.
Wands
 e - a wand of flame (25/48)
 g - a wand of hasting (4/9)
 z - a wand of digging (10/24)
 C - a wand of teleportation (3/9)
 N - a wand of slowing (16/48)
Scrolls
 h - 10 scrolls of magic mapping
 i - a scroll of fog
 q - a scroll of brand weapon
 s - 13 scrolls of remove curse
 u - 8 scrolls of fear
 w - 5 scrolls of amnesia
 E - 6 scrolls of enchant weapon
 S - a scroll of holy word
 T - 5 scrolls of teleportation
 W - 4 scrolls of recharging
 Y - 5 scrolls of blinking
Potions
 j - 5 potions of agility
 l - 8 potions of magic
 m - 3 potions of haste
 o - 6 potions of flight
 t - a potion of might
 D - a potion of invisibility
 F - 7 potions of brilliance
 P - 13 potions of curing
 Q - 3 potions of resistance
Books
 b - a book of Conjurations

   Spells                             Type                      Level
   a - Magic Dart                     Conjuration                  1
   b - Searing Ray                    Conjuration                  2
   c - Dazzling Spray                 Conjuration/Hexes            3
   d - Fulminant Prism                Conjuration/Hexes            4
   e - Iskenderun's Mystic Blast      Conjuration                  4
   f - Iskenderun's Battlesphere      Conjuration/Charms           5
 c - a book of Maledictions

   Spells                             Type                      Level
   a - Corona                         Hexes                        1
   b - Ensorcelled Hibernation        Hexes/Ice                    2
   c - Confuse                        Hexes                        3
   d - Tukima's Dance                 Hexes                        3
   e - Dazzling Spray                 Conjuration/Hexes            3
 d - a book of Transfigurations

   Spells                             Type                      Level
   a - Irradiate                      Conjuration/Transmutation    5
   b - Statue Form                    Transmutation/Earth          6
   c - Hydra Form                     Transmutation                6
   d - Dragon Form                    Transmutation                7
 y - a book of Battle

   Spells                             Type                      Level
   a - Infusion                       Charms                       1
   b - Shroud of Golubria             Charms/Translocation         2
   c - Song of Slaying                Charms                       2
   d - Spectral Weapon                Hexes/Charms                 3
   e - Regeneration                   Charms/Necromancy            3
 B - the Handbook of the Rocks
   (You found it on level 3 of the Depths)

   Spells                             Type                      Level
   a - Passwall                       Transmutation/Earth          2
   b - Petrify                        Transmutation/Earth          4
   c - Lee's Rapid Deconstruction     Earth                        5
   d - Shatter                        Earth                        9
 X - a book of Power

   Spells                             Type                      Level
   a - Fulminant Prism                Conjuration/Hexes            4
   b - Iskenderun's Mystic Blast      Conjuration                  4
   c - Venom Bolt                     Conjuration/Poison           5
   d - Bolt of Magma                  Conjuration/Fire/Earth       5
   e - Iron Shot                      Conjuration/Earth            6
   f - Orb of Destruction             Conjuration                  7
   g - Spellforged Servitor           Conjuration/Summoning        7
Comestibles
 p - 9 meat rations
 r - 2 beef jerkies
 G - a royal jelly
 J - 35 fruits
 K - 17 bread rations


   Skills:
 + Level 15.4(20.4) Fighting
 + Level 16.9(23.6) Axes
   Level 14.1(22.3) Polearms
 * Level 14.0(19.0) Armour
 + Level 11.2(16.2) Dodging
 + Level 11.3(16.3) Stealth
 + Level 19.0(24.0) Shields
 + Level 8.6 Spellcasting
 + Level 14.2 Charms
 + Level 11.0 Necromancy
 + Level 7.8 Air Magic
 + Level 12.0 Invocations


You had 26 spell levels left.
You knew the following spells:

 Your Spells              Type           Power        Failure   Level  Hunger
a - Deflect Missiles      Chrm/Air       #####.....   97%         6    ######.
b - Infusion              Chrm           ####         1%          1    None
c - Song of Slaying       Chrm           ######..     1%          2    None
d - Regeneration          Chrm/Necr      #####.....   1%          3    #......
e - Shroud of Golubria    Chrm/Tloc      ####......   10%         2    None
f - Swiftness             Chrm/Air       #####...     1%          2    None


Dungeon Overview and Level Annotations

Branches:
Dungeon (15/15)            Temple (1/1) D:7            Lair (6/6) D:8
  Swamp (4/4) Lair:2        Snake (4/4) Lair:3        Slime (0/5) Lair:6
    Orc (2/2) D:10            Elf (0/3) Orc:2        Vaults (5/5) D:14
  Crypt (0/3) Vaults:3     Depths (5/5) D:15            Zot (2/5) Depths:5

Altars:
Ashenzari
Cheibriados
Dithmenos
Elyvilon
Fedhas
Gozag
Hepliaklqana
Kikubaaqudgha
Makhleb
Nemelex Xobeh
Okawaru
Qazlal
Ru
Sif Muna
Trog
Uskayaw
Vehumet
Xom
Yredelemnul
Zin
The Shining One
Beogh
Jiyva

Shops:
D:7 [   D:8 =   D:9 (   D:14 [!=?*   Orc:2 (:*[%   Snake:1 *::=   Snake:4 =
Vaults:3 *

Portals:
Hell: Depths:1 Depths:2 Depths:3 Depths:4 Depths:5
Abyss: Depths:3 Depths:4
Pandemonium: Depths:3
Ziggurat: Depths:1


Innate Abilities, Weirdness & Mutations

You cannot wear boots.
Your serpentine skin is tough. (AC +8)
You have supernaturally acute eyesight. (SInv)
Armour fits poorly on your strangely shaped body.
Your system is resistant to poisons. (rPois)
You cover ground very slowly.
You have a slow metabolism.
You can exhale a cloud of poison.
You can use your snake-like lower body to constrict enemies.
You have a pair of small horns on your head.
You are partially covered in icy blue scales. (AC +2)
You are partially covered in iridescent scales. (AC +2)
Your skin changes colour to match your surroundings (Stealth+).
Your flesh is cold resistant. (rC+)
You are highly resistant to hostile enchantments. (MR++)
You are sometimes teleported next to monsters.
You evolve.


Message History

You can now deal lightning-fast blows.
The golden dragon bites you!!
* * * LOW HITPOINT WARNING * * *
You block the golden dragon's attack. x2; The golden dragon bites you.
* * * LOW HITPOINT WARNING * * *
The golden dragon claws you!
* * * LOW HITPOINT WARNING * * *
The golden dragon misses you.
The orb of fire glows bright magenta.
The bolt of fire hits you! You resist.
* * * LOW HITPOINT WARNING * * *
You feel better.
Your skin stops crawling.
The golden dragon closely misses you.
You block the golden dragon's attack. x2
The orb of fire glows yellow.
Strange energies course through your body.
Casting: Regeneration
Confirm with . or Enter, or press ? or * to list all spells.
Your skin crawls.
The golden dragon bites you!!
You die...

#......................#
###.....................
#...............########
#......##########
#.....## ####...##
#......## ####
#.......#### #..##
#.......*@.# #...#####
#####...D.†####......#
## ##.......###.....#
##≈
##.........#....###≈.
##........##..###≈..
##.......###.##≈..♣
##......(#####≈...
##.......## #≈.♣.
##.......###.≈≈♣


You could see an orb of fire and a golden dragon (berserk).

Vanquished Creatures
  3 juggernauts (Depths:5)
  5 golden dragons
  3 caustic shrikes (Depths:5)
  Nikola (Swamp:1)
  A bone dragon (Swamp:4)
  Jorgrun (Vaults:5)
  7 tentacled monstrosities
  2 large abominations (Depths:5)
  2 quicksilver dragons
  Asterion (Vaults:3)
  5 titans
  5 liches
  8 sphinxes
  3 death cobs (Zot:1)
  Gastronok (D:11)
  5 thorn hunters
  5 tengu reavers
  10 storm dragons
  5 shadow dragons
  Donald (Swamp:2)
  6 nagarajas (Snake:4)
  18 vault wardens
  17 frost giants
  12 fire giants
  Aizul (Snake:4)
  7 deep elf sorcerers
  An orc warlord (Orc:2)
  2 ghost moths (Depths:3)
  6 iron dragons
  A draconian knight (Depths:5)
  18 ironheart preservers
  A balrug (Depths:4)
  The ghost of Tux the Imperceptible, an adept FeEn of Dithmenos (Vaults:3)
  A reaper (Depths:3)
  A ghoul (Vaults:3)
  An entropy weaver (Vaults:4)
  20 very ugly things
  3 spriggan defenders
  2 draconian callers (Zot:1)
  A war gargoyle (Vaults:3)
  31 stone giants
  5 vampire knights
  5 deep elf demonologists
  5 green draconians (Zot:1)
  A lorocyproca (Depths:3)
  10 spark wasps
  2 mottled draconians (Zot:1)
  3 purple draconians
  6 deep elf annihilators
  A white draconian (Depths:5)
  A merfolk javelineer (Depths:2)
  22 ettins
  3 deep elf death magi
  An eidolon (Vaults:3)
  10 fire dragons
  An ettin (shapeshifter) (Vaults:5)
  3 jiangshi (Depths:1)
  19 yaktaur captains
  Erolcha (D:13)
  A great orb of eyes (shapeshifter) (Vaults:1)
  4 deep elf high priests
  Josephine (D:10)
  10 great orbs of eyes
  3 spriggan air magi
  A merfolk avatar (Lair:6)
  31 vault guards
  18 hydras
  10 naga warriors
  8 centaur warriors
  A ghost crab (shapeshifter) (Depths:3)
  4 ghost crabs
  5 rakshasas
  13 ice dragons
  2 catoblepae
  20 ogre magi
  2 dancing weapons
  8 alligators
  8 anacondas
  2 vampire magi
  8 death knights
  6 tengu warriors
  12 naga sharpshooters
  10 deep troll shamans
  7 shock serpents
  5 spriggan berserkers
  An orc high priest (Orc:2)
  2 sun demons (Depths:4)
  9 deep troll earth magi
  Sonja (D:10)
  11 deep elf knights
  A salamander mystic (Snake:4)
  6 shadow wraiths
  7 hell knights
  5 skeletal warriors
  2 sea snakes
  4 iron trolls
  19 deep trolls
  2 spriggan druids (Swamp:4)
  A torturous demonspawn (Depths:3)
  An unseen horror (shapeshifter) (Vaults:2)
  A spark wasp zombie (Depths:2)
  12 swamp dragons
  4 glowing orange brains
  3 unseen horrors
  A death drake (Zot:1)
  A hill giant (shapeshifter) (Depths:5)
  12 wizards
  4 deep elf archers
  3 spectral hydras (Swamp:4)
  10 flayed ghosts
  A deep troll (shapeshifter) (Vaults:2)
  8 shambling mangroves
  8 naga ritualists
  3 hill giants
  6 harpies
  7 necromancers
  12 phantasmal warriors
  18 orc knights
  A harpy (shapeshifter) (Vaults:1)
  24 deep elf magi
  16 ironbrand convokers
  5 oklob plants
  5 orc sorcerers
  2 iron dragon zombies (Depths:3)
  7 mana vipers
  5 salamanders
  2 manticores
  58 ugly things
  A salamander (shapeshifter) (Vaults:1)
  A fire giant zombie (Vaults:1)
  3 wolf spiders
  A spriggan zombie (Depths:2)
  4 cyclopes
  3 toenail golems (Volcano)
  3 guardian serpents
  7 moths of wrath (Zot:1)
  23 elephants
  4 centaur zombies
  A guardian serpent (shapeshifter) (Vaults:4)
  21 vault sentinels
  The ghost of p0werm0de the Fighter, a novice DsAs (D:5)
  Joseph (D:10)
  25 naga magi
  37 black mambas
  An orange demon (Depths:3)
  A gargoyle (D:13)
  A rust devil (Depths:3)
  3 kobold demonologists
  2 spriggan skeletons (Depths:2)
  A storm dragon simulacrum (Depths:3)
  6 rime drakes
  A komodo dragon (shapeshifter) (Depths:3)
  13 spiny frogs
  4 swamp worm zombies (Swamp:4)
  10 komodo dragons
  59 yaktaurs
  An ice devil (Depths:1)
  14 freezing wraiths
  A merfolk (shapeshifter) (Vaults:5)
  5 tengu conjurers
  A jumping spider (Vaults:4)
  A queen bee (D:8)
  3 polar bears (Lair:6)
  A red devil (Depths:3)
  6 trolls
  A polar bear (shapeshifter) (Depths:3)
  A meliai (D:12)
  3 wind drakes (Lair:6)
  26 hornets
  2 meliai (shapeshifter)
  35 two-headed ogres
  3 hydra zombies (Swamp:4)
  8 tyrant leeches
  A slime creature (shapeshifter) (Depths:5)
  A two-headed ogre (shapeshifter) (Depths:1)
  5 blink frogs (Lair:5)
  13 dream sheep
  2 raiju (shapeshifter)
  An ettin zombie (Vaults:1)
  12 hippogriffs
  3 alligator zombies (Swamp:4)
  2 hippogriffs (shapeshifter)
  40 slime creatures
  16 bog bodies
  2 spectral swamp dragons (Swamp:4)
  2 redbacks (Vaults:4)
  5 water elementals
  11 spriggans
  A spriggan (shapeshifter) (D:14)
  12 shadows
  3 vampires
  3 air elementals (Depths:4)
  A yak (shapeshifter) (Vaults:3)
  8 wyverns
  16 wraiths
  45 yaks
  5 basilisks
  2 basilisks (shapeshifter)
  18 humans (D:14)
  25 vampire mosquitoes
  2 hungry ghosts
  3 mottled dragons
  A soldier ant (shapeshifter) (Vaults:4)
  A warg (shapeshifter) (Depths:5)
  3 wargs
  19 insubstantial wisps
  43 nagas
  24 swamp worms
  18 water moccasins
  Duvessa (D:6)
  2 porcupines
  3 sky beasts
  A floating eye (Depths:5)
  8 necrophages
  5 ice beasts
  An ice beast (shapeshifter) (Depths:2)
  11 phantoms
  11 swamp drakes
  37 orc warriors
  78 ogres
  A tengu (shapeshifter) (Depths:1)
  5 boggarts (Vaults:1)
  An ogre (shapeshifter) (Depths:5)
  The ghost of p0werm0de the Sneak, an amateur DsAs (D:3)
  11 centaurs
  12 wolves
  4 swamp dragon zombies (Swamp:4)
  11 crocodiles
  A crocodile (shapeshifter) (Depths:5)
  A big kobold (shapeshifter) (Vaults:5)
  6 big kobolds
  19 bullfrogs
  2 gnoll sergeants
  An ogre simulacrum (Vaults:1)
  A glowing shapeshifter simulacrum (Depths:3)
  A wyvern zombie (D:14)
  Dowan (D:6)
  A water moccasin zombie (D:9)
  A wyvern skeleton (D:6)
  2 scorpions
  33 killer bees
  7 wights (D:10)
  7 howler monkeys
  An electric eel (Lair:2)
  7 crimson imps
  4 jellies
  7 hounds
  3 centaur skeletons
  18 orc priests
  34 orc wizards
  4 bullfrog skeletons
  Jessica (D:3)
  3 iguanas
  2 spectral swamp drakes (Swamp:4)
  2 hell rats (Lair:1)
  15 worker ants
  3 hound zombies
  A hound skeleton (D:5)
  A worker ant zombie (D:10)
  10 gnolls
  15 adders
  14 river rats
  4 shadow imps
  4 oozes
  An adder skeleton (D:9)
  4 worms
  3 dart slugs
  8 leopard geckos
  114 orcs
  6 ball pythons
  7 giant cockroaches
  9 goblins
  9 hobgoblins
  13 jackals
  6 quokkas
  7 bats
  6 frilled lizards
  A giant cockroach zombie (D:5)
  26 kobolds
  A leopard gecko zombie (D:9)
  2 quokka skeletons
  8 rats
  3 briar patches
  A crawling corpse (Depths:5)
  2 fungi (Depths:5)
  6 plants
2238 creatures vanquished.

Vanquished Creatures (others)
  Vashnia (Snake:3)
  2 fire giants
  2 ironheart preservers
  3 stone giants
  7 yaktaur captains
  A hydra (Swamp:3)
  2 centaur warriors
  3 naga sharpshooters
  A deep elf mage (Vaults:4)
  A deep elf archer (Vaults:5)
  A moth of wrath (Zot:1)
  A cyclops (Vaults:2)
  A naga mage (Snake:4)
  2 spiny frogs
  A swamp worm zombie (Swamp:4)
  23 yaktaurs
  A spectral swamp dragon (Swamp:4)
  A hornet (Swamp:3)
  A swamp drake (Swamp:4)
  An ogre (Vaults:5)
  A phantom (Swamp:4)
  A boggart (Depths:4)
  4 centaurs (Vaults:2)
  4 briar patches
  6 fungi
  17 plants
89 creatures vanquished.

Grand Total: 2327 creatures vanquished

Notes
Turn   | Place    | Note
-------+----------+-------------------------------------------
     0 | D:1      | RudyRod the Naga Fighter began the quest for the Orb.
     0 | D:1      | Reached XP level 1. HP: 21/21 MP: 1/1
    86 | D:1      | Reached XP level 2. HP: 28/28 MP: 2/2
   234 | D:1      | Reached XP level 3. HP: 32/34 MP: 3/3
   748 | D:2      | Reached XP level 4. HP: 42/42 MP: 4/4
  1144 | D:2      | Reached skill level 3 in Shields
  1260 | D:3      | Noticed Jessica
  1295 | D:3      | Killed Jessica
  1295 | D:3      | Reached skill level 1 in Stealth
  1295 | D:3      | Reached XP level 5. HP: 49/49 MP: 5/5
  1307 | D:3      | Reached skill level 1 in Dodging
  1462 | D:3      | Noticed p0werm0de's ghost (amateur DsAs)
  1533 | D:3      | Killed p0werm0de's ghost
  1533 | D:3      | Reached XP level 6. HP: 52/56 MP: 6/6
  2591 | D:4      | Reached XP level 7. HP: 22/63 MP: 7/7
  3152 | D:5      | Entered Level 5 of the Dungeon
  3282 | D:5      | Found a sparkling altar of Nemelex Xobeh.
  3282 | D:5      | Noticed p0werm0de's ghost (novice DsAs)
  3319 | D:4      | HP: 1/63 [acid (11)]
  3626 | D:5      | Killed p0werm0de's ghost
  3626 | D:5      | Reached skill level 5 in Stealth
  3626 | D:5      | Reached skill level 4 in Shields
  3626 | D:5      | Reached XP level 8. HP: 25/72 MP: 8/8
  4387 | D:5      | Reached skill level 5 in Polearms
  4734 | D:6      | Noticed Duvessa
  4734 | D:6      | Noticed Dowan
  4858 | D:6      | Killed Duvessa
  4881 | D:6      | Killed Dowan
  5009 | D:6      | Found a glowing drain.
  5024 | Sewer    | Entered a sewer
  5465 | Sewer    | Reached XP level 9. HP: 68/79 MP: 9/9
  5865 | D:6      | HP: 3/79 [orc warrior/enchanted trident (13)]
  6306 | D:6      | Got an ichor-stained helmet
  6312 | D:6      | Identified the cursed +0 helmet of Salvation {+Blink rCorr MP+9 Str-4} (You found it on level 6 of the Dungeon)
  7140 | D:7      | Found a bloodstained altar of Trog.
  7199 | D:7      | Reached skill level 5 in Shields
  7382 | D:7      | Found Himur's Armour Boutique.
  7699 | D:7      | Found a staircase to the Ecumenical Temple.
  7712 | Temple   | Entered the Ecumenical Temple
  7882 | Temple   | Became a worshipper of the Shining One
  8012 | D:8      | Reached skill level 5 in Fighting
  8069 | D:8      | Found a staircase to the Lair.
  8079 | D:8      | Reached XP level 10. HP: 71/88 MP: 10/10
  8175 | D:8      | Reached skill level 5 in Armour
  8361 | D:8      | Found Mukhipn's Jewellery Shop.
  8365 | D:8      | Bought an uncursed amulet of regeneration for 330 gold pieces
  8427 | D:8      | Found a roughly hewn altar of Beogh.
  8470 | D:8      | Reached skill level 6 in Shields
  8874 | D:8      | Reached skill level 5 in Dodging
  9021 | D:9      | Reached * piety under the Shining One
  9384 | D:9      | Found Zylacw's Antique Weapon Boutique.
  9423 | D:9      | Bought a runed trident for 218 gold pieces
  9801 | D:10     | Entered Level 10 of the Dungeon
  9891 | D:10     | Noticed Sonja
  9912 | D:10     | Killed Sonja
 10004 | D:10     | Reached XP level 11. HP: 77/97 MP: 11/11
 10066 | D:10     | Reached ** piety under the Shining One
 10108 | D:10     | Noticed Josephine
 10133 | D:10     | Killed Josephine
 10133 | D:10     | Reached skill level 7 in Shields
 10280 | D:10     | Found a burning altar of Makhleb.
 10305 | D:10     | Found a staircase to the Orcish Mines.
 10555 | D:10     | Reached *** piety under the Shining One
 10616 | D:10     | Found a shadowy altar of Dithmenos.
 10680 | D:10     | Gained mutation: You are partially covered in iridescent scales. (AC +2) [potion of mutation]
 10680 | D:10     | Gained mutation: You have an increased reservoir of magic. (+10% MP) [potion of mutation]
 10680 | D:10     | Gained mutation: You are occasionally teleported next to monsters. [potion of mutation]
 10710 | D:10     | Gained mutation: You are resistant to hostile enchantments. (MR+) [potion of beneficial mutation]
 10833 | D:10     | Noticed Joseph
 10853 | D:10     | Killed Joseph
 10853 | D:10     | Reached skill level 1 in Spellcasting
 11072 | D:10     | Learned a level 6 spell: Deflect Missiles
 11316 | D:11     | Noticed a hill giant
 11329 | D:11     | Killed a hill giant
 11398 | D:11     | Reached skill level 1 in Air Magic
 11468 | D:11     | Reached skill level 1 in Charms
 11614 | D:11     | Reached XP level 12. HP: 101/106 MP: 16/16
 11681 | D:11     | Noticed a six-headed hydra
 11697 | D:11     | Killed a six-headed hydra
 11697 | D:11     | Reached skill level 8 in Shields
 11752 | D:11     | Noticed Gastronok
 11783 | D:11     | Killed Gastronok
 11931 | D:11     | Gained mutation: Your muscles are strong. (Str +2) [mutagenic meat]
 12622 | D:12     | Noticed a death knight
 12622 | D:12     | Reached **** piety under the Shining One
 13510 | D:12     | Reached skill level 1 in Invocations
 13550 | D:12     | Gained mutation: You have sharp fingernails. [mutagenic meat]
 13551 | D:12     | Gained mutation: Your tail ends in a poisonous barb. [mutagenic meat]
 13553 | D:12     | Gained mutation: Your mind is acute. (Int +2) [mutagenic meat]
 13554 | D:12     | Gained mutation: You are partially covered in icy blue scales. (AC +2) [mutagenic meat]
 13630 | D:12     | Killed a death knight
 13840 | D:13     | Found a runed door.
 13840 | D:13     | Noticed a sphinx
 13841 | D:13     | Noticed a yaktaur captain
 13850 | D:13     | Noticed a deep troll earth mage
 13870 | D:13     | Reached skill level 10 in Polearms
 13942 | D:13     | Gained mutation: You can use your snake-like lower body to constrict enemies. [Naga growth]
 13942 | D:13     | Reached XP level 13. HP: 69/115 MP: 19/20
 13960 | D:13     | Gained mutation: You passively map a small area around you. [mutagenic meat]
 14029 | D:13     | Reached skill level 9 in Shields
 14108 | D:13     | Gained mutation: You can exhale a cloud of poison. [mutagenic meat]
 14110 | D:13     | Lost mutation: Your mind is acute. (Int +2) [mutagenic meat]
 14111 | D:13     | Gained mutation: You are agile. (Dex +2) [mutagenic meat]
 14130 | D:13     | Reached ***** piety under the Shining One
 14379 | D:13     | Lost mutation: You are agile. (Dex +2) [potion of mutation]
 14667 | D:13     | Noticed Erolcha
 14680 | D:13     | Killed Erolcha
 15042 | Temple   | Fell from the grace of the Shining One
 15042 | Temple   | Became a worshipper of Warmaster Okawaru
 15270 | D:13     | Gained mutation: Your muscles are very strong. (Str +4) [mutagenic meat]
 15271 | D:13     | Lost mutation: Your muscles are very strong. (Str +4) [mutagenic meat]
 15272 | D:13     | Lost mutation: Your muscles are strong. (Str +2) [mutagenic meat]
 15356 | D:13     | Killed a sphinx
 15356 | D:13     | Reached * piety under Okawaru
 15370 | D:13     | Killed a yaktaur captain
 15558 | D:13     | Reached ** piety under Okawaru
 15783 | D:14     | Found Aczas's Distillery.
 15786 | D:14     | Bought a potion of might for 60 gold pieces
 15786 | D:14     | Bought a potion of invisibility for 120 gold pieces
 15786 | D:14     | Bought a potion of heal wounds for 75 gold pieces
 15786 | D:14     | Bought a potion of curing for 45 gold pieces
 15812 | D:14     | Found Buba's Armour Shop.
 16084 | D:14     | Reached *** piety under Okawaru
 16188 | D:14     | Found a gate to the Vaults.
 16188 | D:14     | Noticed a vault guard
 16188 | D:14     | Noticed a vault guard
 16219 | D:14     | Killed a vault guard
 16219 | D:14     | Reached **** piety under Okawaru
 16228 | D:14     | Killed a vault guard
 16248 | D:14     | Reached XP level 14. HP: 93/123 MP: 23/23
 16305 | D:14     | Reached skill level 10 in Stealth
 16305 | D:14     | Reached skill level 5 in Spellcasting
 16352 | D:14     | You fall through a shaft!
 16352 | D:15     | Entered Level 15 of the Dungeon
 16387 | D:14     | Reached ***** piety under Okawaru
 16502 | D:14     | Gained mutation: You are robust. (+10% HP) [mutagenic meat]
 16503 | D:14     | Lost mutation: You are robust. (+10% HP) [mutagenic meat]
 16505 | D:14     | Lost mutation: You passively map a small area around you. [mutagenic meat]
 16506 | D:14     | Gained mutation: You are highly resistant to hostile enchantments. (MR++) [mutagenic meat]
 16527 | D:14     | Found Ycipsoun's Assorted Antiques.
 16572 | D:14     | Bought a scroll of identify for 66 gold pieces
 16572 | D:14     | Bought a grey potion for 29 gold pieces
 16572 | D:14     | Bought a scroll labeled RAKLUEBAGE for 33 gold pieces
 16572 | D:14     | Bought a scroll labeled RAKLUEBAGE for 33 gold pieces
 16586 | D:14     | Found Toruzopp's Magic Scroll Boutique.
 16630 | D:14     | Received a gift from Okawaru
 16630 | D:14     | Reached skill level 5 in Air Magic
 16650 | D:14     | Gained mutation: You are sometimes teleported next to monsters. [mutagenic meat]
 16651 | D:14     | Gained mutation: You are frail. (-10% HP) [mutagenic meat]
 16652 | D:14     | Lost mutation: You have an increased reservoir of magic. (+10% MP) [mutagenic meat]
 16836 | D:14     | Found Asiluty's Jewellery Shop.
 16905 | D:14     | Reached skill level 10 in Shields
 17089 | Lair:1   | Entered Level 1 of the Lair of Beasts
 17839 | Lair:2   | Reached skill level 5 in Charms
 17972 | Lair:2   | Found a staircase to the Swamp.
 18753 | Lair:3   | Reached ****** piety under Okawaru
 18793 | Lair:3   | Found a staircase to the Snake Pit.
 18811 | Lair:3   | Reached skill level 5 in Invocations
 20564 | Lair:5   | Found a dark tunnel.
 20573 | Volcano  | Entered a volcano
 20627 | Volcano  | Received a gift from Okawaru
 20627 | Volcano  | Reached XP level 15. HP: 96/118 MP: 23/23
 20759 | Volcano  | Got a polished helmet
 20770 | Volcano  | Identified the cursed +0 helmet "Neim" {rC+} (You found it in a volcano)
 21825 | Lair:6   | Entered Level 6 of the Lair of Beasts
 21855 | Lair:6   | Received a gift from Okawaru
 22229 | Lair:6   | Reached skill level 11 in Shields
 22390 | Lair:6   | Found a viscous altar of Jiyva.
 22390 | Lair:6   | Found a staircase to the Slime Pits.
 22419 | Lair:6   | Received a gift from Okawaru
 23605 | Snake:1  | Entered Level 1 of the Snake Pit
 23672 | Swamp:1  | Entered Level 1 of the Swamp
 23698 | Swamp:1  | Noticed Nikola
 23733 | Swamp:1  | Killed Nikola
 23733 | Swamp:1  | Reached skill level 10 in Dodging
 23733 | Swamp:1  | Reached XP level 16. HP: 37/126 MP: 6/26
 24084 | Swamp:1  | Noticed a thorn hunter
 24102 | Swamp:1  | Killed a thorn hunter
 24219 | Swamp:1  | Noticed a thorn hunter
 24231 | Swamp:1  | Killed a thorn hunter
 24335 | Swamp:1  | Received a gift from Okawaru
 24940 | Swamp:2  | Noticed a thorn hunter
 24951 | Swamp:2  | Killed a thorn hunter
 25010 | Swamp:2  | Received a gift from Okawaru
 25750 | Swamp:2  | Lost mutation: You can exhale a cloud of poison. [mutagenic meat]
 25914 | Swamp:2  | Gained mutation: Your skin changes colour to match your surroundings (Stealth+). [mutagenic meat]
 25915 | Swamp:2  | Gained mutation: Your spells are a little harder to cast, but a little more powerful. [mutagenic meat]
 25916 | Swamp:2  | Gained mutation: You expend magic power (3 MP) to strengthen your wands. [mutagenic meat]
 25917 | Swamp:2  | Lost mutation: You have sharp fingernails. [mutagenic meat]
 25918 | Swamp:2  | Gained mutation: You evolve. [mutagenic meat]
 25919 | Swamp:2  | Gained mutation: Your spells are harder to cast, but more powerful. [mutagenic meat]
 25943 | Swamp:3  | Noticed Donald
 26216 | Swamp:2  | Killed Donald
 26792 | Swamp:3  | Lost mutation: You expend magic power (3 MP) to strengthen your wands. [potion of mutation]
 26793 | Swamp:3  | Gained mutation: Your spells are much harder to cast, but much more powerful. [potion of mutation]
 26793 | Swamp:3  | Lost mutation: Your tail ends in a poisonous barb. [potion of mutation]
 26793 | Swamp:3  | Lost mutation: Your spells are much harder to cast, but much more powerful. [potion of mutation]
 26861 | Swamp:3  | Lost mutation: Your spells are harder to cast, but more powerful. [evolution]
 26870 | Swamp:3  | Received a gift from Okawaru
 26870 | Swamp:3  | Reached XP level 17. HP: 129/133 MP: 28/28
 27586 | Swamp:4  | Entered Level 4 of the Swamp
 28039 | Swamp:4  | Reached skill level 12 in Shields
 28091 | Swamp:4  | Noticed a bone dragon
 28127 | Swamp:4  | Killed a bone dragon
 28489 | Swamp:4  | Got a decaying rune of Zot
 29367 | D:15     | Found a staircase to the Depths.
 29815 | D:15     | Got a warped fustibalus
 29816 | D:15     | Identified the +6 fustibalus of Subterfuge {flame, Int+4} (You found it on level 15 of the Dungeon)
 29981 | Orc:1    | Entered Level 1 of the Orcish Mines
 30036 | Orc:2    | Entered Level 2 of the Orcish Mines
 30142 | Orc:2    | Found a staircase to the Elven Halls.
 30168 | Orc:2    | Found a roughly hewn altar of Beogh.
 30296 | Orc:2    | Found Woqetih's Food Shoppe.
 30793 | Orc:2    | Received a gift from Okawaru
 30969 | Orc:2    | Found Sots's Antique Weapon Shoppe.
 30994 | Orc:2    | Found Igusuaf's Book Shoppe.
 31009 | Orc:2    | Found Hocoupe's Antique Armour Shoppe.
 31016 | Orc:2    | Bought a crude plate armour for 1064 gold pieces
 31026 | Orc:2    | Identified the cursed +0 plate armour "Kuimi" {rElec rF+ rC+} (You bought it in a shop on level 2 of the Orcish Mines)
 31057 | Orc:2    | Found Acyczyil's General Store.
 31065 | Orc:2    | Bought a potion of might for 56 gold pieces
 31118 | Orc:2    | Bought a book of Battle for 520 gold pieces
 31120 | Orc:2    | Learned a level 1 spell: Infusion
 31123 | Orc:2    | Learned a level 2 spell: Song of Slaying
 31221 | Orc:2    | Lost mutation: You are frail. (-10% HP) [evolution]
 31870 | Snake:1  | Reached XP level 18. HP: 93/158 MP: 30/30
 32336 | Snake:1  | Found Norhi's Book Shop.
 32339 | Snake:1  | Found Ynoeten's Jewellery Shop.
 32339 | Snake:1  | Found Samuy's Assorted Antiques.
 32344 | Snake:1  | Found Boll's Book Boutique.
 33117 | Snake:1  | Received a gift from Okawaru
 33210 | Snake:2  | Gained mutation: Your flesh is cold resistant. (rC+) [potion of beneficial mutation]
 34091 | Snake:3  | Noticed Vashnia
 34096 | Snake:3  | Reached skill level 13 in Shields
 34108 | Snake:3  | Killed Vashnia
 34108 | Snake:3  | Reached skill level 10 in Armour
 34679 | Snake:3  | Found a runed door.
 35426 | Snake:4  | Entered Level 4 of the Snake Pit
 35430 | Snake:4  | Found Qomisutinn's Jewellery Shop.
 35653 | Snake:4  | Noticed Aizul
 35656 | Snake:4  | Gained mutation: You can exhale a cloud of poison. [evolution]
 35661 | Snake:4  | Reached skill level 10 in Fighting
 35675 | Snake:4  | Killed Aizul
 36248 | Snake:4  | Received a gift from Okawaru
 36257 | Snake:4  | Got a shimmering cloak {god gift}
 36268 | Snake:4  | Identified the +2 cloak "Agetac" {*Contam rF+ rN++ Int+3} (Okawaru gifted it to you on level 4 of the Snake Pit)
 36576 | Snake:4  | Reached skill level 10 in Invocations
 36589 | Snake:4  | Reached XP level 19. HP: 168/168 MP: 31/31
 37232 | Snake:4  | Got a serpentine rune of Zot
 37500 | Snake:4  | Learned a level 3 spell: Regeneration
 37908 | Vaults:1 | Entered Level 1 of the Vaults
 38112 | Vaults:1 | Reached skill level 1 in Axes
 38223 | Vaults:1 | Got a dazzling helmet
 38224 | Vaults:1 | Identified the +1 helmet of Truth {rElec} (You found it on level 1 of the Vaults)
 38281 | Vaults:1 | Reached skill level 1 in Necromancy
 38297 | Vaults:1 | Reached skill level 10 in Charms
 38371 | Vaults:1 | Noticed a Hell Sentinel
 38375 | Vaults:1 | Noticed a Tzitzimitl
 38711 | Vaults:1 | Received a gift from Okawaru
 38717 | Vaults:1 | Got a warped naga barding {god gift}
 38728 | Vaults:1 | Identified the +2 naga barding of Hitozod {Regen+ Int+2} (Okawaru gifted it to you on level 1 of the Vaults)
 39773 | Vaults:2 | Reached skill level 5 in Axes
 40277 | Vaults:2 | Reached skill level 14 in Shields
 40300 | Vaults:2 | Reached XP level 20. HP: 76/177 MP: 32/32
 40590 | Vaults:2 | Gained mutation: You possess an exceptional clarity of mind. [evolution]
 40750 | Vaults:2 | Received a gift from Okawaru
 41717 | Vaults:3 | Reached skill level 5 in Necromancy
 41757 | Vaults:3 | Found Qerisim's Assorted Antiques.
 41778 | Vaults:3 | Bought a potion of heal wounds for 115 gold pieces
 41778 | Vaults:3 | Bought a potion of curing for 69 gold pieces
 41968 | Vaults:3 | Noticed Tux's ghost (adept FeEn)
 42023 | Vaults:3 | Killed Tux's ghost
 42102 | Vaults:3 | Noticed Asterion
 42127 | Vaults:3 | Killed Asterion
 42215 | Vaults:3 | Received a gift from Okawaru
 42262 | Vaults:3 | Reached XP level 21. HP: 153/187 MP: 33/33
 42368 | Vaults:3 | Gained mutation: You have a pair of small horns on your head. [evolution]
 42774 | Vaults:3 | Reached skill level 10 in Axes
 42794 | Vaults:3 | Received a gift from Okawaru
 42941 | Vaults:3 | Found a staircase to the Crypt.
 44267 | Vaults:4 | Received a gift from Okawaru
 44275 | Vaults:4 | Got a brightly glowing hand axe {god gift}
 44276 | Vaults:4 | Identified the +10 hand axe "Ruelel" {chop, +Fly} (Okawaru gifted it to you on level 4 of the Vaults)
 44592 | Vaults:4 | Learned a level 2 spell: Shroud of Golubria
 44620 | Vaults:5 | Entered Level 5 of the Vaults
 44652 | Vaults:4 | Reached XP level 22. HP: 135/198 MP: 26/34
 44895 | Vaults:4 | Received a gift from Okawaru
 44926 | Vaults:5 | Noticed a golden dragon
 44961 | Vaults:5 | Killed a golden dragon
 44986 | Vaults:5 | Reached skill level 15 in Shields
 44994 | Vaults:5 | Noticed Jorgrun
 45004 | Vaults:5 | Killed Jorgrun
 45017 | Vaults:5 | Received a gift from Okawaru
 45266 | Vaults:5 | Got an ichor-stained chain mail
 45266 | Vaults:5 | Got a vibrating diamond amulet
 45267 | Vaults:5 | Identified the cursed +1 chain mail of Wuanile {*Corrode rF+ Str+4 Dex+2} (You took it off a vault warden on level 5 of the Vaults)
 45268 | Vaults:5 | Identified the amulet of Keluoh {RegenMP rElec Stlth+} (You took it off a vault warden on level 5 of the Vaults)
 45286 | Vaults:5 | Got a polished hand axe
 45287 | Vaults:5 | Identified the +2 hand axe of Tender Mercy {chop, Int+2} (You found it on level 5 of the Vaults)
 45413 | Vaults:5 | Identified the +5 leather armour of Zorchusau {rN+} (You took it off an ironbrand convoker on level 5 of the Vaults)
 45452 | Vaults:5 | Reached XP level 23. HP: 206/206 MP: 35/35
 45555 | Vaults:5 | Identified the +10 great mace of the Eternal Warrior {pain, *Noise +Fly rF+ Str+3} (You took it off an ironbrand convoker on level 5 of the Vaults)
 45632 | Vaults:5 | Received a gift from Okawaru
 45823 | Vaults:5 | Identified the cursed +0 robe of the New World {MR++ Str+2 Int+4} (You found it on level 5 of the Vaults)
 46030 | Vaults:5 | Reached skill level 10 in Necromancy
 46400 | Vaults:5 | Identified the cursed +1 great mace "Qiuzigur" {vamp, Fragile rElec rN++ Str+2} (You took it off a frost giant on level 5 of the Vaults)
 46418 | Vaults:5 | Received a gift from Okawaru
 46449 | Vaults:5 | Identified the +0 pair of gloves of Okawaru's Scorn {rF- Str+5} (Okawaru gifted it to you on level 5 of the Vaults)
 46597 | Vaults:5 | Got a silver rune of Zot
 46760 | Vaults:3 | Lost mutation: You possess an exceptional clarity of mind. [evolution]
 47117 | Depths:1 | Entered Level 1 of the Depths
 47278 | Depths:1 | Found a shimmering altar of Xom.
 47324 | Depths:1 | Found a gateway to a ziggurat.
 47643 | Depths:1 | Found a gateway to Hell.
 48339 | Depths:2 | Reached XP level 24. HP: 109/218 MP: 32/35
 48341 | Depths:2 | Received a gift from Okawaru
 48555 | Depths:2 | Reached skill level 16 in Shields
 49413 | Depths:2 | Identified the ring of Bumaeg {rN++ MR++ Str+4} (You found it on level 2 of the Depths)
 49452 | Depths:2 | Upgraded the game from 0.20-a0-2-g2b0e13a to 0.20-a0-3-g334f831
 49723 | Depths:2 | Reached skill level 15 in Axes
 49888 | Depths:3 | Received a gift from Okawaru
 50306 | Depths:3 | Found a one-way gate to the infinite horrors of the Abyss.
 50541 | Depths:3 | Identified 2 scrolls of acquirement
 50544 | Depths:3 | Got an ichor-stained naga barding
 50545 | Depths:3 | Identified the +0 naga barding of the Snake Pit {-Cast +Inv Str+8 Int-2} (You acquired it on level 3 of the Depths)
 50616 | Depths:3 | Found a one-way gate leading to the halls of Pandemonium.
 50631 | Depths:3 | Lost mutation: Your spells are a little harder to cast, but a little more powerful. [evolution]
 51157 | Depths:3 | Reached skill level 17 in Shields
 51200 | Depths:3 | Identified the cursed +0 demon blade of Understanding {venom, *Rage +Blink Dex+8 Stlth+} (You took it off a vampire knight on level 3 of the Depths)
 51246 | Depths:3 | Reached XP level 25. HP: 229/229 MP: 35/35
 51460 | Depths:3 | Identified the Handbook of the Rocks
 52166 | Depths:4 | Received a gift from Okawaru
 53032 | Depths:5 | Entered Level 5 of the Depths
 53138 | Depths:5 | Noticed a juggernaut
 53161 | Depths:5 | Killed a juggernaut
 53179 | Depths:5 | Found a shattered altar of Ashenzari.
 53180 | Depths:5 | Found a shimmering altar of Xom.
 53180 | Depths:5 | Found a basalt altar of Yredelemnul.
 53233 | Depths:5 | Noticed a juggernaut
 53276 | Depths:5 | Killed a juggernaut
 53276 | Depths:5 | Received a gift from Okawaru
 53276 | Depths:5 | Reached skill level 18 in Shields
 53507 | Depths:5 | Reached XP level 26. HP: 148/240 MP: 35/35
 53581 | Depths:5 | Learned a level 2 spell: Swiftness
 53947 | Depths:5 | Reached skill level 15 in Fighting
 54069 | Depths:5 | Noticed a juggernaut
 54090 | Depths:5 | Killed a juggernaut
 54090 | Depths:5 | Received a gift from Okawaru
 54093 | Depths:5 | Identified the +0 pair of gloves "Sookyeh" {-Tele rPois rF+ rN+} (Okawaru gifted it to you on level 5 of the Depths)
 54294 | Depths:5 | Identified the +5 rapier "Icimierrowk" {pierce, +Fly Dex+3} (You took it off a tengu reaver on level 5 of the Depths)
 54676 | Depths:5 | Found a gate to the Realm of Zot.
 54870 | Zot:1    | Entered Level 1 of the Realm of Zot
 55442 | Zot:1    | Reached skill level 19 in Shields
 55728 | Zot:2    | Noticed an orb of fire
 55744 | Zot:1    | HP: 7/242 [orb of fire/bolt of fire (14)]
 55746 | Zot:1    | Demolished by a golden dragon

Vault maps used:
D:1:      minmay_arrival_widening_spiral_wide
D:2:      first_bread, grunt_ministairs_15
D:3:      uniq_jessica
D:4:      minmay_misc_feat_tiny
D:5:      serial_undead, serial_undead_d, serial_undead_b, serial_undead_c,
          serial_undead_f, st_stairs_11, nemelex_xobeh_ov_fountains_minmay
D:6:      portal_sewer_entry_b, uniq_duvessa
D:7:      serial_shops, shop, bloody_trog
D:8:      serial_shops, kennysheep_mini, special_room, david_nohive_1
D:9:      serial_shops, nicolae_shop_waterfront, item_on_display_a
D:10:     minmay_wavy_crystal, david_orc_3, basic_altar,
          nicolae_dithmenos_the_darkroom, uniq_josephine, uniq_sonja,
          uniq_joseph
D:11:     uniq_gastronok
D:13:     kennysheep_treasure_room, uniq_erolcha
D:14:     grunt_vaults_entry_tiered, serial_park_tiny_pond, serial_shops,
          kennysheep_little_box, nicolae_shop_trees, kennysheep_mini_moat, shop,
          shop
D:15:     grunt_enter_depths_hoard, minmay_misc_feat_enclosed
Temple:   minmay_crystal_snake_temple
Lair:1:   kennysheep_rathole
Lair:2:   nicolae_swamp_entry_splash_gauntlet
Lair:3:   minmay_snake_entry_six_corridors, minmay_holes, roderic_carrion_pond,
          serial_bayou_shore_b
Lair:5:   nicolae_volcano_entry_lava_flow, dpeg_oklob_1, serial_bayou_shore_b
Lair:6:   gammafunk_lair_ancient_temple, dpeg_slime_entry_enclosed_altar
Swamp:1:  nicolae_swamp_round_clearing, infiniplex_staircase_pool, uniq_nikola
Swamp:2:  evilmike_swamp_ruin_house_4
Swamp:3:  hangedman_swamp_ruin_hall, swamp_pool2, st_swamp_mini, uniq_donald
Swamp:4:  swamp_pestilence, swamp_pool5
Snake:1:  lemuel_fruit_tree, minmay_shoptagon
Snake:2:  onia_ninara_swampy_vault, nrook_guardian_serpent_ordinary
Snake:3:  lightli_airlock, uniq_vashnia
Snake:4:  snake_pit, serial_shops, nicolae_shop_window_shopping,
          serial_bayou_ford_a, uniq_aizul
Orc:1:    nicolae_orc_accident_1
Orc:2:    grunt_orc_cross, serial_shops, shop_fountains
Vaults:1: vaults_dpeg_doors, vaults_standard_mumra_x, hangedman_vaults_slither,
          ontoclasm_vaults_claustrophobia, nicolae_vaults_mini_display_case,
          hangedman_vaults_restitches, vaults_room_stairs_pillars,
          hangedman_vaults_restitches, ontoclasm_vaults_gateway
Vaults:2: vaults_room_boxed, hangedman_vaults_hat, st_smaller_cells,
          ontoclasm_vaults_ligature, nicolae_vaults_rhombus_6,
          vaults_room_semicircle, v_alt_pattern_4, hangedman_vaults_capsules,
          vaults_mumra_hex, vaults_room_door_ring
Vaults:3: v_rooms_6, nicolae_vaults_border_crossing, v_misc_31,
          nicolae_vaults_quartermaster, blue_anna_dwarven_crypt,
          hangedman_vaults_maws, vaults_room_ringed_pool,
          vaults_room_grunt_arrival_checkpoint, grunt_vaults_diagonal,
          v_alt_pattern_5, v_misc_16, serial_shops, nicolae_shop_crystal,
          uniq_asterion
Vaults:4: hangedman_vaults_snaps, hangedman_vaults_locks, v_misc_18,
          ontoclasm_vaults_misaligned, grunt_vaults_hallway_short, st_lines,
          ontoclasm_vaults_loading_screen, nicolae_vaults_specimen_jars,
          hangedman_vaults_stitches, nicolae_vaults_shelves_hall,
          ontoclasm_vaults_pinch, ontoclasm_vaults_hangar,
          nicolae_vaults_angled_halls
Vaults:5: uniq_jorgrun
Depths:1: enter_ziggurat_f, hangedman_coc_ice_floe, roderic_aztec_sauvastika,
          spider_trap, xom_teletrap_fun, serial_bayou_shore_b,
          grunt_megastairs_2
Depths:2: evilmike_pillar_path, hell_entry, roderic_serpentine_path
Depths:3: due_jory_tower, serial_sigils_hangedman_scar, rand_demon_pan_entry_3,
          hell_entry, abyss_entry_small_statue_room,
          hangedman_decor_clover_reticule, grunt_ministairs_15,
          minmay_staircase_statues
Depths:4: evilmike_diamond_1, abyss_entry, serial_co_window_serial,
          co_window_of_opportunity_a, co_window_paths_a,
          co_window_of_opportunity_a, co_window_paths_a, co_window_corner_a,
          co_window_cross_3, co_window_unsneaky_path_c, co_window_corner_ca,
          co_window_corner_cb, co_window_of_opportunity_b, co_window_2corner,
          glass_columns_b, glass_columns_a, glass_columns_b,
          kennysheep_crisscross, lightli_too_deep, infiniplex_staircase_squiggle
Depths:5: hangedman_slaughterboxes, hell_entry
Zot:1:    hangedman_swamp_dais
Zot:2:    stair_cage_cross, st_stairs_1, hangedman_zot_decor_slant,
          nicolae_zot_crop_circle
Sewer:    sewer_co_15_rooms
Volcano:  volcano_bunker

Skill      XL: |  1  2  3  4  5  6  7  8  9 10 11 12 13 14 15 16 17 18 19 20 21 22 23 24 25 26 |
---------------+-------------------------------------------------------------------------------+-----
Armour         | 3 4 5 6 7 8 9 10 11 12 13 14 | 14.0
Shields        | 3 4 5 6 7 8 9 10 11 12 13 14 15 17 18 19 | 19.0
Stealth        | 1 2 4 5 7 9 10 11 | 11.3
Polearms       | 3 4 5 7 8 9 10 11 12 13 14 | 14.1
Dodging        | 1 2 3 4 6 7 8 9 10 11 | 11.2
Fighting       | 4 5 6 7 8 9 10 11 12 13 14 15 | 15.4
Spellcasting   | 2 3 4 5 6 7 8 |  8.6
Air Magic      | 1 3 4 5 6 7 |  7.8
Charms         | 1 3 4 5 6 7 8 9 10 11 12 13 14 | 14.2
Invocations    | 1 4 5 6 7 8 10 11 12 | 12.0
Axes           | 5 9 11 13 14 15 16 | 16.9
Necromancy     | 3 6 8 9 10 11 | 11.0

Action                   |  1- 3 |  4- 6 |  7- 9 | 10-12 | 13-15 | 16-18 | 19-21 | 22-24 | 25-27 || total
-------------------------+-------+-------+-------+-------+-------+-------+-------+-------+-------++-------
Melee: Trident           |   110 |   172 |   589 |       |       |       |       |       |       ||   871
       Spear             |       |       |    59 |  1154 |   994 |       |       |       |       ||  2207
       Tailslap          |       |       |       |       |   374 |   156 |       |       |       ||   530
       Constrict         |       |       |       |       |   238 |   278 |   235 |   194 |   102 ||  1047
       Demon trident     |       |       |       |       |   531 |  1905 |   150 |       |       ||  2586
       Broad axe         |       |       |       |       |       |       |  1355 |   441 |       ||  1796
       Headbutt          |       |       |       |       |       |       |   164 |   812 |   550 ||  1526
       Hand axe          |       |       |       |       |       |       |       |  1359 |  1107 ||  2466
 Cast: Song of Slaying   |       |       |       |       |       |       |     3 |     2 |     1 ||     6
       Infusion          |       |       |       |       |       |       |     1 |     4 |       ||     5
       Regeneration      |       |       |       |       |       |       |     4 |    20 |    12 ||    36
       Shroud of Golubri |       |       |       |       |       |       |     1 |     2 |       ||     3
       Swiftness         |       |       |       |       |       |       |       |       |     1 ||     1
Invok: Divine Shield     |       |       |       |     3 |       |       |       |       |       ||     3
       Heroism           |       |       |       |       |     1 |     9 |     7 |     7 |     3 ||    27
       Finesse           |       |       |       |       |       |     6 |     3 |     3 |     2 ||    14
 Abil: Spit Poison       |     8 |    15 |    50 |       |       |    13 |       |       |       ||    86
       Breathe Poison Ga |       |       |       |       |    10 |       |    11 |     8 |     1 ||    30
       Evoke Blink       |       |       |       |       |     1 |       |       |       |       ||     1
  Use: Potion            |       |     1 |    12 |     5 |     9 |     5 |     3 |     4 |     2 ||    41
       Scroll            |       |       |     8 |    18 |    15 |    20 |    10 |    22 |     5 ||    98
 Stab: Sleeping          |       |       |     2 |       |    25 |    11 |     1 |     2 |       ||    41
       Distracted        |       |       |       |       |     1 |     4 |     1 |     1 |       ||     7
  Eat: Chunk             |       |     6 |     3 |    14 |    25 |    14 |     3 |     1 |     2 ||    68
       Beef jerky        |       |       |     1 |     1 |     1 |     1 |     1 |     1 |       ||     6
       Bread ration      |       |       |     2 |     1 |     3 |       |       |       |       ||     6
       Meat ration       |       |       |     1 |       |     2 |     4 |     4 |     4 |     2 ||    17
       Royal jelly       |       |       |       |     3 |     2 |     5 |       |       |       ||    10
       Fruit             |       |       |       |       |     1 |       |       |       |       ||     1
       Pizza             |       |       |       |       |       |       |     1 |       |       ||     1
Armor: Scale mail        |    63 |    96 |   117 |       |       |       |       |       |       ||   276
       Troll leather arm |       |       |   118 |   316 |   440 |   452 |       |       |       ||  1326
       Plate armour      |       |       |       |       |       |   272 |   278 |   478 |    17 ||  1045
       Gold dragon scale |       |       |       |       |       |       |       |       |   507 ||   507
Dodge: Dodged            |    23 |    49 |   172 |   392 |   647 |   555 |   174 |   262 |   211 ||  2485
Block: Shield            |    64 |   104 |   359 |   558 |  1081 |   412 |       |   523 |  1074 ||  4175
       Reflection        |       |       |       |       |    12 |   164 |   197 |    94 |    42 ||   509
       Large shield      |       |       |       |       |       |  1499 |  1540 |  1140 |       ||  4179
